cohdb
Replays
Latest Replays
All Replays
Popular Replays
Top Player Replays
Match Explorer
How It Works
Community
CoH3 Stats
Reddit
Sign in to upload your games and track your stats! →
Sign in with Steam
Match 41778750
Unlisted
Match 41778750
Overview
Messages
Build Orders
End
Construct Section Command Post
Vickers Machine Gun Team
Infantry Section
Selects Canadian Shock Battlegroup
Dingo Light Scout Car
Infantry Section
Grenade Package
Selects Offensive Resupply
Selects Canadian Shock Section
Canadian Shock Section
Moose
Sarmynation
Task Force X
TestingWarHead
0
0
Comments
sign in to comment!
No comments posted yet!